 Dungeon Crawl Stone Soup version 0.29-a0-275-g389c0b56f3 (webtiles) character file.

Game seed: 2160924405100162838

56 spaghetti the Skirmisher (level 3, 0/33 HPs)
             Began as a Demigod Fighter on Mar 12, 2022.
             Slain by Sigmund
             ... wielding a +0 scythe
              (10 damage)
             ... on level 2 of the Dungeon.
             The game lasted 00:02:31 (1736 turns).

spaghetti the Skirmisher (Demigod Fighter)          Turns: 1736, Time: 00:02:31

Health: 0/33       AC: 11    Str: 21    XL:     3   Next: 48%
Magic:  5/5        EV:  9    Int: 10    God:
Gold:   97         SH:  0    Dex: 13    Spells: 2/2 levels left

rFire   . . .      SeeInvis .   a - +0 war axe {axe}
rCold   . . .      Faith    .   c - +0 buckler
rNeg    . . .      Spirit   .   b - +0 scale mail
rPois   .          Reflect  .   f - +0 helmet
rElec   .          Harm     .   h - +0 cloak
rCorr   .          Rampage  .   (no gloves)
Will    .....                   l - +1 pair of boots
Stlth   ..........              (no amulet)
HPRegen 0.11/turn               (no ring)
MPRegen 0.09/turn               (no ring)

@: confused, mighty
A: high MP 1, forlorn, divine attributes
a: no special abilities


You were on level 2 of the Dungeon.
You visited 1 branch of the dungeon, and saw 2 of its levels.

You collected 97 gold pieces.


Innate Abilities, Weirdness & Mutations

You have an increased reservoir of magic. (+10% MP)
You shall have no god before yourself.
Your divine heritage dramatically boosts your attributes as you level up.


   Skills:
 + Level 4.3 Fighting
 - Level 1.7 Axes
 - Level 2.6 Armour
 - Level 2.6 Shields


You had 2 spell levels left.
You didn't know any spells.
Your spell library was empty.

Inventory:

Hand Weapons
 a - a +0 war axe (weapon) {axe}
 k - a +0 dagger of draining {short}
   (You took it off a kobold on level 2 of the Dungeon)
Missiles
 i - 16 stones (quivered) {throwing}
Armour
 b - a +0 scale mail (worn)
 c - a +0 buckler (worn)
 f - a +0 helmet (worn)
   (You found it on level 1 of the Dungeon)
 h - a +0 cloak (worn)
   (You found it on level 1 of the Dungeon)
 l - a +1 pair of boots (worn)
   (You found it on level 1 of the Dungeon)
Jewellery
 e - an amulet of guardian spirit
   (You found it on level 1 of the Dungeon)
Wands
 o - a wand of paralysis (12)
   (You found it on level 2 of the Dungeon)
Scrolls
 g - 2 scrolls of identify {@r1}
 j - a scroll of blinking {!r}
 m - a scroll of immolation {!r!r}
Potions
 n - a potion of heal wounds {@q2}

Dungeon Overview and Level Annotations

Branches:
Dungeon (2/15)

Annotations:
D:2 Sigmund

#...................ยง
##.....#...##........ยง
#.......##.>######....
#.....................
#(.......###....####..
#..>..............)..
##.....##.######...#..
#....{..#.### ###....
#....@..#...# ##...
#.......###.## ####
##.......##..#
##......###.## ###.?..#
#..#####
#....####.....####
#.................
#....########...##
###...


There were no monsters in sight!


Message History

i - 6 stones {throwing} (gained 2)
Things that are here:
a +0 short sword {short}; a kobold corpse ๐Ÿ˜Ž HP[+3]
Your hp is fully restored (32).
Found a stone staircase leading down.
m - a scroll of immolation {!r!r} A dart slug comes into view.
The dart slug moves out of view.
The dart slug launches a dart at you. The slug dart hits you. ๐Ÿ˜• HP[-2]
You take 2 damage, and now have 30/32 hp.
A dart slug is nearby!
The dart slug launches a dart at you.
The slug dart hits you but does no damage.
The dart slug barely misses you.
You hit the dart slug. The dart slug barely misses you.
You hit the dart slug.
The dart slug bites you but does no damage. ๐Ÿ˜• HP[+1]
You hit the dart slug but do no damage. The dart slug launches a dart at you.
The slug dart hits you but does no damage.
You slash the dart slug!
You kill the dart slug!
You see here a dart slug corpse.
g - 2 scrolls of identify {@r1} (gained 1)
Found a stone staircase leading up. ๐Ÿ˜Ž HP[+1]
Your hp is fully restored (32).
o - a wand of paralysis (12)
i - 16 stones {throwing} (gained 10)
You see here a +0 ring mail.
g - 3 scrolls of identify {@r1} (gained 1)
A giant cockroach comes into view.
As you read the scroll of identify {@r1}, it crumbles to dust.
n - a potion of heal wounds The giant cockroach bites you. ๐Ÿ˜• HP[-1]
You take 1 damage, and now have 31/32 hp.
You hit the giant cockroach but do no damage.
The giant cockroach closely misses you. ๐Ÿ˜Ž HP[+1]
Your hp is fully restored (32).
You hit the giant cockroach. The giant cockroach closely misses you.
The giant cockroach bites you but does no damage.
You closely miss the giant cockroach.
The giant cockroach bites you but does no damage.
You block the giant cockroach's attack.
You hit the giant cockroach.
You kill the giant cockroach!
Your life force feels restored.
You now have 33 max hp (+1).
You now have 97 gold pieces (gained 10).
Sigmund the Dreaded comes into view.
He is wielding a +0 scythe.
Sigmund shouts! ๐Ÿ˜Ž HP[+1]
Your hp is fully restored (33).
Sigmund closely misses you.
You barely miss Sigmund. Sigmund casts a spell at you.
You resist with some effort.
You closely miss Sigmund.
Sigmund hits you with a +0 scythe. ๐Ÿ˜• HP[-5]
You take 5 damage, and now have 28/33 hp.
You slash Sigmund! Sigmund gestures at you while chanting.
You are confused.
Sigmund hits you but does no damage.
You feel very mighty all of a sudden.
You barely miss Sigmund.
Sigmund mumbles some strange words.
Sigmund flickers and vanishes!
Deactivating autopickup; reactivate with Ctrl-A.
Something hits you. ๐Ÿ˜• HP[-3]
You take 3 damage, and now have 25/33 hp.
You bump into the rock wall. ๐Ÿ˜• HP[+1]
Something hits you! ๐Ÿ˜ฎ HP[-9]
You take 9 damage, and now have 17/33 hp.
MASSIVE DAMAGE!! (PAUSE)
Something hits you.
* * * LOW HITPOINT WARNING * * *
๐Ÿ˜จ HP[-4]
You take 4 damage, and now have 13/33 hp.
You feel less confused.
You miss something.
You hear some strange, mumbled words.
You are confused.
Something hits you but does no damage.
You barely miss something.
You hear some strange, mumbled words.
A puff of flame appears from out of thin air!
The puff of flame hits you.
* * * LOW HITPOINT WARNING * * *
Something hits you!
You die...

Skill      XL: |  1  2  3 |
---------------+----------+-----
Fighting       | 3 4 |  4.3
Axes           | |  1.7
Armour         | |  2.6
Shields        | |  2.6

Action                   || total
-------------------------++-------
Melee: War axe           ||    99
Throw: Javelin           ||     8
  Use: Scroll            ||    11
       Potion            ||     3
Armor: Scale mail        ||    64
Dodge: Dodged            ||    36
Block: Buckler           ||    17

Levels and vault maps discovered:
D:1:      lordsloth_arrival_two_stooges, layout_basic, minmay_crystal_water
D:2:      layout_rooms, ebering_ecumenical_altar_mist, uniq_sigmund,
          uniq_jessica

Notes
Turn   | Place    | Note
-------+----------+-------------------------------------------
     0 | D:1      | spaghetti the Demigod Fighter began the quest for the Orb.
     0 | D:1      | Reached XP level 1. HP: 18/18 MP: 3/3
     0 | D:1      | magus.rc [v1.9.6]
   164 | D:1      | Reached skill level 3 in Fighting
   295 | D:1      | Reached XP level 2. HP: 25/26 MP: 4/4
  1363 | D:2      | Reached XP level 3. HP: 19/33 MP: 5/5
  1493 | D:2      | Reached skill level 4 in Fighting
  1722 | D:2      | Noticed Sigmund
  1736 | D:2      | Slain by Sigmund

Vanquished Creatures
  An adder (D:2)
  A worm (D:2)
  A dart slug (D:2)
  A bat (D:1)
  4 endoplasms
  3 giant cockroaches
  A goblin (D:1)
  4 hobgoblins
  7 jackals (D:1)
  4 kobolds
  A quokka (D:2)
  2 ball pythons
  3 frilled lizards
  4 rats
37 creatures vanquished.

Table legend:
 A = Non-vault XP
 B = Vault XP
 C = Vault XP percentage of total XP
 D = Non-vault monster count
 E = Vault monster count
 F = Vault count percentage of total count
                 A         B        C        D         E       F
            +---------+---------+-------+---------+---------+-------
      Total |      81 |       0 |   0.0 |      37 |       0 |   0.0
            +---------+---------+-------+---------+---------+-------
        D:1 |      36 |       0 |   0.0 |      20 |       0 |   0.0
        D:2 |      45 |       0 |   0.0 |      17 |       0 |   0.0
            +---------+---------+-------+---------+---------+-------

Illustrated notes

Table legend:
 A = Kills in this place as a percentage of kills in entire the game.
 B = Kills by you in this place as a percentage of kills by you in the entire game.
 C = Kills by friends in this place as a percentage of kills by friends in the entire game.
 D = Other kills in this place as a percentage of other kills in the entire game.
 E = Experience gained in this place as a percentage of experience gained in the entire game.
 F = Experience gained in this place divided by the number of levels of this place that you have seen.
                   A       B       C       D       E      F
               +-------+-------+-------+-------+-------+----------------------
         Total | 100.0 | 100.0 |   N/A |   N/A | 100.0 |  40.5
       Dungeon | 100.0 | 100.0 |   N/A |   N/A | 100.0 |  40.5
               +-------+-------+-------+-------+-------+----------------------

Table legend: (Time is in decaauts)
 A = Elapsed time spent in this place.
 B = Non-inter-level travel time spent in this place.
 C = Inter-level travel time spent in this place.
 D = Time resting spent in this place.
 E = Time spent auto-exploring this place.
 F = Levels seen in this place.
 G = Mean time per level.
                   A        B        C        D        E       F      G
               +--------+--------+--------+--------+--------+-----+--------+
         Total |   1771 |   1720 |     51 |    241 |   1143 |   2 |  885.5 |
       Dungeon |   1771 |   1720 |     51 |    241 |   1143 |   2 |  885.5 |
               +--------+--------+--------+--------+--------+-----+--------+

Top non-repeatable levels by time:
     D:1: 1339 daAuts
     D:2: 431 daAuts
